 Dungeon Sprint DCSS version 0.29-a0-723-gce39da1c22 (webtiles) character file.

Game seed: 1988783914887098359

2529 manyhoops the Severer (level 9, -5/91 HPs)
             Began as a Minotaur Fighter on June 28, 2022.
             Was an Initiate of Okawaru.
             Succumbed to a death drake's dark miasma
             ... in the Dungeon (Sprint II: "The Violet Keep of Menkaure").
             The game lasted 00:06:38 (1777 turns).

manyhoops the Severer (Minotaur Fighter)            Turns: 1777, Time: 00:06:39

Health: -5/91      AC: 10    Str: 31 (32) XL:     9   Next: 29%
Magic:  7/8        EV: 10    Int:  9      God:    Okawaru [......]
Gold:   165        SH:  3    Dex:  5      Spells: 8/8 levels left

rFire   + . .      SeeInvis .   e - +0 hand axe "Killer Bee's Regret" {vorpal, rElec Will- Str+8 Dex-2}
rCold   + . .      Faith    .   c - +0 buckler
rNeg    . . .      Spirit   .   b - +0 scale mail
rPois   .          Reflect  .   (helmet restricted)
rElec   +          Harm     .   y - scarf {rC+ rF+}
rCorr   .          Rampage  .   (no gloves)
Will    .....      NoTele   +   a - +2 pair of boots {Fly}
Stlth   ..........              (no amulet)
HPRegen 0.25/turn               (no ring)
MPRegen 0.11/turn               (no ring)

@: lethally poisoned (-5 -> -118), flying, contaminated, hasted and slowed,
glowing
A: horns 2, retaliatory headbutt, clever 1, clumsy 1, deformed body,
deterioration 1, subdued magic 2
a: Renounce Religion


You were in the Dungeon.
You worshipped Okawaru.
Okawaru was noncommittal.
You visited 1 branch You collected 878 gold pieces.
You spent 713 gold pieces at shops.

Inventory:

Hand Weapons
 e - the +0 hand axe "Killer Bee's Regret" (weapon) {vorpal, rElec Will- Str+8 Dex-2}
   (You bought it in a shop in the Dungeon)

   It inflicts extra damage upon your enemies.
   Str:       It affects your strength (+8).
   Dex:       It affects your dexterity (-2).
   rElec:     It insulates you from electricity.
   Will:      It decreases your willpower.
Missiles
 m - 6 atropa-tipped darts (quivered)
Armour
 a - a +2 pair of boots of flying (worn)
 b - a +0 scale mail (worn)
 c - a +0 buckler (worn)
 y - a scarf of resistance (worn)
Jewellery
 q - a ring of ice
 x - a ring of magical power
Scrolls
 d - a scroll of torment
 i - 2 scrolls of amnesia
 j - a scroll of blinking
 k - 2 scrolls of magic mapping
 n - a scroll of immolation
 o - a scroll of poison
 r - a scroll of fog {unknown}
 s - a scroll of silence {unknown}
 u - a scroll of enchant armour {unknown}
Potions
 g - 3 potions of haste
 h - 5 potions of magic
 l - 3 potions of flight
 p - 2 potions of invisibility
 t - a potion of degeneration {unknown}
 v - 3 potions of resistance
 w - a potion of mutation {unknown}
 z - a potion of curing


   Skills:
 + Level 12.5 Fighting
 - Level 18.3 Axes
 - Level 13.3 Armour
 - Level 3.6 Shields


You had 8 spell levels left.
You didn't know any spells.
Your spell library contained the following spells:

 Spells                   Type           Power      Damage    Failure   Level
 Sublimation of Blood     Necr           0%         N/A       73%         2
 Petrify                  Tmut/Erth      0%         N/A       100%        4
 Irradiate                Conj/Tmut      0%         3d13      100%        5


Dungeon Overview and Level Annotations

Branches:
Dungeon (1/1)

Altars:
Cheibriados
Dithmenos
Elyvilon
Fedhas
Gozag
Hepliaklqana
Kikubaaqudgha
Makhleb
Nemelex Xobeh
Okawaru
Qazlal
Ru
Sif Muna
Trog
Uskayaw
Vehumet
Wu Jian
Xom
Yredelemnul
Zin
The Shining One
Beogh
Jiyva
Lugonu

Shops:
D !=:[=?=[[!(:([:

Annotations:
D exclusion: oklob plant, Roxanne


Innate Abilities, Weirdness & Mutations

You have a pair of horns on your head.
You reflexively headbutt those who attack you in melee.
Your mind is acute. (Int +4, Str/Dex -1)
You are clumsy. (Dex -2)
Armour fits poorly on your strangely shaped body.
Your body sometimes deteriorates upon taking damage.
Your spells are easier to cast, but less powerful.


Message History

The death drake is lightly wounded.
You are engulfed in dark miasma.
You are more poisoned.
You feel yourself slow down.
You feel very sick. The death drake bites you.
You miss the death drake.
The death drake is lightly wounded.
You are engulfed in dark miasma.
You are lethally poisoned!
You feel as though you will be slow longer.
You feel extremely sick. The death drake barely misses you.
You furiously retaliate!
You headbutt the death drake! You miss the death drake.
Your headbutt misses the death drake.
The death drake is lightly wounded.
You are engulfed in dark miasma.
You are more poisoned.
Your body deteriorates!
You feel weakened.
You feel extremely sick.
Unknown command.
You slash the death drake! Your headbutt misses the death drake.
The death drake is moderately wounded.
You are engulfed in dark miasma.
You are more poisoned.
* * * LOW HITPOINT WARNING * * *
x2 You feel extremely sick.
The death drake completely misses you. You furiously retaliate!
You headbutt the death drake.
Unknown command.
Unknown command.
You feel much better.
You are engulfed in dark miasma.
You are more poisoned.
* * * LOW HITPOINT WARNING * * *
x2 You feel extremely sick.
You block the death drake's attack.
The death drake bites you but does no damage.
You feel much better.
You are engulfed in dark miasma.
You are more poisoned.
* * * LOW HITPOINT WARNING * * *
You die...

≈#####..####≈≈.....≈#'########§##
≈≈≈#.##..#≈≈≈≈≈§≈°.≈#.._.....#≈§≈
+#≈##.#.##≈≈≈≈≈≈≈°°°#._._....#≈≈≈
#≈≈##'##≈≈≈≈§≈≈≈≈k°#_._._...#≈≈§
##≈≈≈≈≈≈≈≈≈≈§≈≈≈≈○≈#._._._..#≈≈≈
#+++#+++#≈§§≈§§≈≈≈#_._._._.#≈≈≈
#.§≈≈.. ##≈≈≈###k≈#._._._._#≈≈§
#§.≈≈≈§.≈.##≈≈#)#§≈#_._._._.#§≈§
'.§...8≈≈≈..+≈≈#@#≈≈#..._._._#≈§≈
##≈≈..§≈≈..##≈§≈≈k≈≈##########§≈§
##≈≈≈..§≈###########≈≈≈≈≈≈≈≈≈§§≈
####+####≈§§§≈≈§###≈########≈▓▓
##≈§§§§§§≈§##≈# #▓▓
+§§§≈§§§§§§≈+≈# ##≈§§§§§§§≈####
##§§§§≈≈≈## #########


You could see a death drake.

Vanquished Creatures
  An orange crystal statue (D)
  A yaktaur (D)
  3 polar bears (D)
  A hornet (D)
  Menkaure (D)
  5 water moccasins (D)
  4 necrophages (D)
  4 scorpions (D)
  3 worms (D)
23 creatures vanquished.

Vanquished Creatures (others)
  16 tentacles (D)
16 creatures vanquished.

Grand Total: 39 creatures vanquished

Notes
Turn   | Place    | Note
-------+----------+-------------------------------------------
     0 | D        | manyhoops the Minotaur Fighter began the quest for the Orb.
     0 | D        | Reached XP level 1. HP: 19/19 MP: 0/0
     1 | D        | Noticed a scorpion
     1 | D        | Noticed a scorpion
     4 | D        | Killed a scorpion
     5 | D        | Reached skill level 9 in Axes
     5 | D        | Reached XP level 2. HP: 26/26 MP: 1/1
     5 | D        | Reached XP level 3. HP: 31/31 MP: 2/2
     6 | D        | Killed a scorpion
     7 | D        | Reached skill level 11 in Axes
     7 | D        | Reached XP level 4. HP: 39/39 MP: 3/3
     8 | D        | Noticed a scorpion
     8 | D        | Noticed a scorpion
    14 | D        | Killed a scorpion
    15 | D        | Reached skill level 13 in Axes
    15 | D        | Reached XP level 5. HP: 23/45 MP: 4/4
    20 | D        | Reached skill level 14 in Axes
   164 | D        | Reached skill level 15 in Axes
   164 | D        | Reached XP level 6. HP: 43/51 MP: 5/5
   169 | D        | Reached skill level 16 in Axes
   171 | D        | Reached skill level 17 in Axes
   235 | D        | Noticed a boulder beetle
   235 | D        | Noticed a boulder beetle
   255 | D        | Noticed a water moccasin
   255 | D        | Identified Roxanne's Collected Works on Clay
   255 | D        | Noticed Roxanne
   263 | D        | Noticed Menkaure
   269 | D        | Killed a water moccasin
   270 | D        | Reached XP level 7. HP: 46/57 MP: 6/6
   272 | D        | Killed Menkaure
   273 | D        | Reached skill level 18 in Axes
   345 | D        | Found Guwoplot's Book Shop.
   346 | D        | Found Sawir's Antique Weapon Boutique.
   346 | D        | Found Biveo's Antique Armour Boutique.
   347 | D        | Found Jifec's Weapon Shop.
   347 | D        | Found Yhinn's Book Shop.
   348 | D        | Found Emodurgh's Antique Armour Boutique.
   348 | D        | Found Zaomooh's Distillery.
   349 | D        | Found Sekierem's Jewellery Shop.
   349 | D        | Found Kiavoip's Antique Armour Shop.
   350 | D        | Found Ymmorove's Magic Scroll Shop.
   353 | D        | Found Hohuen's Jewellery Shop.
   353 | D        | Found Otyenus's Antique Armour Boutique.
   353 | D        | Noticed a slime creature
   353 | D        | Noticed a slime creature
   353 | D        | Noticed a slime creature
   353 | D        | Noticed an oklob plant
   354 | D        | Found Raemygep's Jewellery Shop.
   354 | D        | Found Plog's Distillery.
   354 | D        | Found Lotic's Book Shoppe.
   362 | D        | Noticed a great orb of eyes
   365 | D        | Noticed a fire dragon
   368 | D        | Noticed a flying skull
   368 | D        | Noticed a flying skull
   378 | D        | Bought a twisted hand axe for 200 gold pieces
   378 | D        | Identified the +0 hand axe "Killer Bee's Regret" {vorpal,
                  | rElec Will- Str+8 Dex-2} (You bought it in a shop in the
                  | Dungeon)
   382 | D        | Bought an embroidered scarf for 208 gold pieces
   388 | D        | Bought a pair of embroidered boots for 195 gold pieces
   397 | D        | Bought a potion of heal wounds for 60 gold pieces
   404 | D        | Bought a potion of heal wounds for 50 gold pieces
   523 | D        | Found a stormy altar of Qazlal.
   523 | D        | Found an ornate altar of the Wu Jian Council.
   525 | D        | Found a hazy altar of Hepliaklqana.
   525 | D        | Found a sacrificial altar of Ru.
   525 | D        | Found a shimmering altar of Xom.
   525 | D        | Found a glowing golden altar of the Shining One.
   526 | D        | Found a viscous altar of Jiyva.
   526 | D        | Found a shimmering blue altar of Sif Muna.
   526 | D        | Found a basalt altar of Yredelemnul.
   527 | D        | Found a snail-covered altar of Cheibriados.
   527 | D        | Found an ancient bone altar of Kikubaaqudgha.
   527 | D        | Found a bloodstained altar of Trog.
   527 | D        | Found a glowing silver altar of Zin.
   528 | D        | Found a shadowy altar of Dithmenos.
   528 | D        | Found a corrupted altar of Lugonu.
   528 | D        | Found a hide-covered altar of Uskayaw.
   528 | D        | Noticed a polar bear
   528 | D        | Noticed a polar bear
   530 | D        | Noticed a polar bear
   547 | D        | Killed a polar bear
   552 | D        | Killed a polar bear
   553 | D        | Reached XP level 8. HP: 47/71 MP: 7/7
   614 | D        | Noticed a yaktaur
   630 | D        | Killed a yaktaur
   830 | D        | Noticed a hornet
   838 | D        | Killed a hornet
   858 | D        | Killed a polar bear
   969 | D        | Found a white marble altar of Elyvilon.
   969 | D        | Found a burning altar of Makhleb.
   970 | D        | Found a blossoming altar of Fedhas.
   972 | D        | Found an opulent altar of Gozag.
   972 | D        | Found a sparkling altar of Nemelex Xobeh.
   973 | D        | Found a radiant altar of Vehumet.
   973 | D        | Found an iron altar of Okawaru.
   984 | D        | Noticed a flying skull
   984 | D        | Noticed a flying skull
   985 | D        | Became a worshipper of Warmaster Okawaru
  1006 | D        | Noticed a kraken
  1030 | D        | Reached XP level 9. HP: 64/84 MP: 8/8
  1677 | D        | Noticed an orange crystal statue
  1686 | D        | Noticed a sixfirhy
  1690 | D        | Noticed a sixfirhy
  1700 | D        | Gained mutation: You are clumsy. (Dex -2) [mutagenic glow]
  1712 | D        | Killed an orange crystal statue
  1713 | D        | Noticed a sixfirhy
  1715 | D        | Gained mutation: Your mind is acute. (Int +4, Str/Dex -1)
                  | [mutagenic glow]
  1734 | D        | Gained mutation: Your body sometimes deteriorates upon
                  | taking damage. [mutagenic glow]
  1745 | D        | Gained mutation: Your spells are a little easier to cast,
                  | but a little less powerful. [mutagenic glow]
  1751 | D        | Noticed a death drake
  1755 | D        | Gained mutation: Your spells are easier to cast, but less
                  | powerful. [mutagenic glow]
  1763 | D        | Gained mutation: Armour fits poorly on your strangely
                  | shaped body. [mutagenic glow]
  1777 | D        | Succumbed to a death drake's dark miasma

Illustrated notes

Levels and vault maps discovered:
D:        the_violet_keep_of_menkaure [sprint2_stairs_cluster_1,
          sprint2_shoproom, sprint2_temple, sprint2_basic_supplies,
          sprint2_obstacle_6, sprint2_obstacle_4, sprint2_obstacle_5,
          sprint2_obstacle_1, sprint2_obstacle_2, sprint2_timed_cluster_1,
          sprint2_smallroom_cluster_1, sprint2_smallroom_final_cluster_1,
          sprint2_transparent_cluster_1, sprint2_second_timed_cluster_1,
          sprint2_sniper_area_1, sprint2_heavy_combat_area_1,
          sprint2_mutation_trap_area_1, sprint2_forest_area_1,
          sprint2_light_combat_area_1, sprint2_behind_water_1,
          sprint2_near_end_vault_1]

Skill      XL: |  1  2  3  4  5  6  7  8  9 |
---------------+----------------------------+-----
Axes           | 9 11 13 15 17 18 | 18.3
Fighting       | 6 9 12 | 12.5
Armour         | 9 13 | 13.3
Shields        | |  3.6

Action                   |  1- 3 |  4- 6 |  7- 9 || total
-------------------------+-------+-------+-------++-------
Melee: War axe           |     4 |    40 |     9 ||    53
       Headbutt          |     1 |     7 |    10 ||    18
       Hand axe          |       |       |    59 ||    59
  Use: Potion            |     1 |     1 |     6 ||     8
       Scroll            |       |       |     9 ||     9
Armor: Scale mail        |     1 |     8 |    27 ||    36
Dodge: Dodged            |     2 |     7 |    27 ||    36
Block: Buckler           |       |     9 |    12 ||    21

Table legend: (Time is in decaauts)
 A = Elapsed time spent in this place.
 B = Non-inter-level travel time spent in this place.
 C = Inter-level travel time spent in this place.
 D = Time resting spent in this place.
 E = Time spent auto-exploring this place.
 F = Levels seen in this place.
 G = Mean time per level.
                   A        B        C        D        E       F      G
               +--------+--------+--------+--------+--------+-----+--------+
         Total |   1761 |   1761 |      0 |    958 |    213 |   1 | 1761.0 |
       Dungeon |   1761 |   1761 |      0 |    958 |    213 |   1 | 1761.0 |
               +--------+--------+--------+--------+--------+-----+--------+

Top non-repeatable levels by time:
       D: 1761 daAuts
